 Dungeon Crawl Stone Soup version 0.20.1-1-g8b1a95d (webtiles) character file.

43 Charly the Charmwright (level 3, -5/24 HPs)
             Began as a Halfling Skald on July 25, 2017.
             Killed from afar by Sigmund (8 damage)
             ... with a magic dart
             ... on level 2 of the Dungeon.
             The game lasted 00:06:43 (665 turns).

Charly the Charmwright (Halfling Skald)              Turns: 665, Time: 00:06:44

Health: -5/24      AC:  4    Str: 12    XL:     3   Next: 82%
Magic:  5/5        EV: 14    Int: 12    God:
Gold:   18         SH:  0    Dex: 13    Spells: 1/5 levels left

rFire    . . .     SeeInvis .   a - +0 falchion
rCold    . . .     Gourm    .   (shield restricted)
rNeg     + . .     Faith    .   b - +0 leather armour
rPois    .         Spirit   .   (no helmet)
rElec    .         Reflect  .   o - +0 cloak
rCorr    .         Harm     .   (no gloves)
MR       .....                  (no boots)
Stlth    +.........             (no amulet)
Regen    0.1/turn               g - ring of positive energy
MPRegen  0.1/turn               (no ring)

@: very slightly contaminated, invisible
A: mutation resistance 1
a: no special abilities


You were on level 2 of the Dungeon.
You were not hungry.

You visited 1 branch of the dungeon, and saw 3 of its levels.

You collected 18 gold pieces.

Inventory:

Hand Weapons
 a - a +0 falchion (weapon)
Armour
 b - a +0 leather armour (worn)
 o - a +0 cloak (worn)
Jewellery
 g - a ring of positive energy (left hand)
Scrolls
 e - a scroll of remove curse
 f - a scroll of teleportation {unknown}
 h - a scroll of enchant armour {unknown}
 j - a scroll of fog {unknown}
 k - a scroll of noise {unknown}
 l - a scroll of blinking {unknown}
 m - a scroll of fear {unknown}
Books
 c - a book of Battle

   Spells                             Type                      Level
   a - Infusion                       Charms                       1
   b - Shroud of Golubria             Charms/Translocation         2
   c - Song of Slaying                Charms                       2
   d - Spectral Weapon                Hexes/Charms                 3
   e - Regeneration                   Charms/Necromancy            3
Comestibles
 d - 3 bread rations


   Skills:
 - Level 1.7 Fighting
 - Level 3.3 Long Blades
 - Level 1.1 Armour
 - Level 2.1 Dodging
 - Level 1.5 Spellcasting
 - Level 1.0 Hexes
 + Level 3.5 Charms


You had one spell level left.
You knew the following spells:

 Your Spells              Type           Power        Failure   Level  Hunger
a - Infusion              Chrm           #...         9%          1    ##.....
w - Spectral Weapon       Hex/Chrm       #.......     41%         3    ####...


Dungeon Overview and Level Annotations

Branches:
Dungeon (3/15)

Altars:

Annotations:
D:2 Sigmund


Innate Abilities, Weirdness & Mutations

You are small and have problems with some larger weapons.
You are somewhat resistant to further mutation.


Message History

It is a wand of digging (?/24).
Sigmund gestures at you while chanting. You resist with significant effort.
Sigmund closely misses you.
Sigmund gestures at something while chanting.
The magic dart hits you!
* * * LOW HITPOINT WARNING * * *
There is an open door here.
You close the door.
You hear a zap.
Some rock shatters into small pieces.
You feel yourself speed up.
Sigmund casts a spell.
Sigmund flickers and vanishes!
You hear a zap.
Something unseen opens the door.
You recover from your berserk rage.
A magic dart appears from out of thin air!
The magic dart hits you!
You die...

...#...........#
...#...)†..(...#.#
####...........#.#
#####..#....#.#
#........#.#
#....#####.#
#....#####.#
#....#.....#
#......# #@#
#....(.# #.#
#......# #.#
#....#.###.#
#....#..##.#
######.†##.# .
#####...#.#
##.#.#.#.#.#
##.#.##.#.#.#


There were no monsters in sight!

Vanquished Creatures
  An adder (D:2)
  A worm (D:2)
  A dart slug (D:2)
  A leopard gecko (D:3)
  6 bats
  4 giant cockroaches
  3 goblins
  4 hobgoblins
  2 kobolds (D:2)
  A ball python (D:1)
  2 frilled lizards (D:2)
  A rat (D:1)
27 creatures vanquished.

Notes
Turn   | Place    | Note
-------+----------+-------------------------------------------
     0 | D:1      | Charly the Halfling Skald began the quest for the Orb.
     0 | D:1      | Reached XP level 1. HP: 14/14 MP: 3/3
    84 | D:1      | Reached XP level 2. HP: 7/19 MP: 0/4
   218 | D:2      | Noticed Sigmund
   376 | D:2      | Reached XP level 3. HP: 19/24 MP: 0/5
   381 | D:2      | Learned a level 3 spell: Spectral Weapon
   610 | D:2      | Reached skill level 1 in Hexes
   665 | D:2      | Killed from afar by Sigmund

Skill      XL: |  1  2  3 |
---------------+----------+-----
Long Blades    | 3 |  3.3
Hexes          | 1 |  1.0
Fighting       | |  1.7
Armour         | |  1.1
Dodging        | |  2.1
Spellcasting   | |  1.5
Charms         | |  3.5

Action                   || total
-------------------------++-------
Melee: Falchion          ||    89
 Cast: Infusion          ||    10
       Spectral Weapon   ||     1
  Use: Potion            ||     3
       Scroll            ||     1
Armor: Leather armour    ||    21
Dodge: Dodged            ||    75
       Rpst.: Falchion   ||    25
